 Dungeon Crawl Stone Soup version 0.31.0-11-ge490571c62 (webtiles) character file.

Game seed: 13033643890269476996

644 qw the Shooter (level 7, -5/35 HPs)
             Began as a Spriggan Hunter on Feb 5, 2024.
             Slain by a gnoll
             ... wielding a +0 spear
             ... led by a gnoll sergeant
              (8 damage)
             ... on level 5 of the Dungeon.
             The game lasted 00:01:16 (3252 turns).

qw the Shooter (Spriggan Hunter)                    Turns: 3252, Time: 00:01:16

Health: -5/35      AC:  2    Str:  7    XL:     7   Next: 27%
Magic:  8/8        EV: 22    Int: 10    God:
Gold:   157        SH:  5    Dex: 21    Spells: 6/6 levels left

rFire   . . .        k - +0 arbalest
rCold   . . .        (shield currently unavailable)
rNeg    . . .        c - +0 robe
rPois   .            (helmet restricted)
rElec   .            (no cloak)
rCorr   .            (gloves unavailable)
SInv    +            (boots unavailable)
Will    +....        e - amulet of reflection
Stlth   ++           (no ring)
HPRegen 0.25/turn    (no ring)
MPRegen 0.11/turn

%: reflection
@: very quick
A: very small, no large weapons, unfitting armour, see invisible, speed 3
a: no special abilities


You were on level 5 of the Dungeon.
You visited 2 branches of the dungeon, and saw 6 of its levels.

You collected 262 gold pieces.
You spent 105 gold pieces at shops.


Innate Abilities, Weirdness & Mutations

You are very small and have problems with some larger weapons.
You are too small for most types of armour.
You have supernaturally acute eyesight. (SInv)
You cover ground extremely quickly. (Speed+++)


   Skills:
 - Level 2.2 Fighting
 + Level 7.1 Ranged Weapons
 - Level 7.0 Dodging
 - Level 1.5 Stealth


You had 6 spell levels left.
You didn't know any spells.
Your spell library was empty.

Inventory:

Hand Weapons
 k - a +0 arbalest (weapon)
Armour
 c - a +0 robe (worn)
Jewellery
 d - a ring of ice
 e - an amulet of reflection (around neck)
Wands
 j - a wand of light (4)
Scrolls
 a - a scroll of amnesia {unknown}
Potions
 b - a potion of curing
 f - 2 potions of haste
 l - a potion of enlightenment

Dungeon Overview and Level Annotations

Branches:
Dungeon (5/15)             Temple (1/1) D:4

Altars:
Dithmenos
Elyvilon
Hepliaklqana
Makhleb
Nemelex Xobeh
Ru
Sif Muna
Uskayaw
Xom
Zin

Shops:
D:2 *?:[

Annotations:
D:4 1 runed translucent door, qw's ghost, amateur SpHu


Message History

You shoot a bolt. The bolt closely misses the gnoll.
The bolt hits the gnoll.
You kill the gnoll!
The gnoll completely misses you.
A gnoll comes into view. It is wielding a +0 flail.
The gnoll sergeant completely misses you.
You block the gnoll's attack.
You shoot a bolt. The gnoll shouts!
The bolt hits the gnoll!
You kill the gnoll!
You block the gnoll sergeant's attack. The gnoll sergeant closely misses you.
You shoot a bolt. The bolt hits the phantom!
The phantom is heavily damaged.
The gnoll sergeant closely misses you. You block the phantom's attack.
The gnoll sergeant barely misses you.
You shoot a bolt. The bolt hits the phantom!!
You destroy the phantom!
A bombardier beetle comes into view.
The gnoll sergeant closely misses you.
Your Dodging skill increases to level 7!
You shoot a bolt. The bolt hits the gnoll sergeant!
The gnoll sergeant is moderately wounded.
You block the gnoll sergeant's attack. The gnoll closely misses you.
The gnoll hits you with a +0 flail.
The gnoll sergeant hits you from afar with a +0 trident!
You shoot a bolt. The bolt hits the gnoll!
You kill the gnoll!
The gnoll closely misses you.
The gnoll sergeant completely misses you.
You shoot a bolt. The bolt hits the gnoll sergeant!
The gnoll sergeant is heavily wounded.
The gnoll misses you. The gnoll sergeant closely misses you.
You block the gnoll's attack. The gnoll closely misses you.
The gnoll sergeant misses you.
You shoot a bolt. The bolt hits the gnoll!!
You kill the gnoll!
The gnoll completely misses you.
The gnoll sergeant hits you from afar with a +0 trident!
The gnoll hits you from afar with a +0 spear!
You die... ##### ##...## #.....# #....+..... . #....#....###### .gg

#....#.>..##...##....h
#....#....@)gB........
#....##...##g.........
##+####....##...##..........
.....##))...................
......).....................
...........##...##..........
...........#######..........
<....##.....# .<.........
.....##.....# ..


You could see a gnoll sergeant, a bombardier beetle and a gnoll.

Vanquished Creatures
  An ogre (D:4)
  A phantom (D:5)
  2 jellies (D:4)
  5 orc priests
  An iguana (D:4)
  A sleepcap (D:4)
  An orc wizard (D:4)
  8 gnolls
  4 adders
  2 dart slugs
  9 orcs
  7 endoplasms
  A giant cockroach (D:4)
  14 goblins
  4 hobgoblins
  8 jackals (D:4)
  2 quokkas
  7 ball pythons
  7 bats
  A frilled lizard (D:1)
  8 kobolds
  6 rats
100 creatures vanquished.

Notes
Turn   | Place    | Note
-------+----------+-------------------------------------------
     0 | D:1      | qw the Spriggan Hunter began the quest for the Orb.
     0 | D:1      | Reached XP level 1. HP: 10/10 MP: 2/2
     0 | D:1      | 0 ||| qw: Version: 0.3-a-160-g6735b56
     0 | D:1      | 0 ||| qw: Game counter: 6368
     0 | D:1      | 0 ||| qw: Melee chars always use a shield: true
     0 | D:1      | 0 ||| qw: God list: Okawaru
     0 | D:1      | 0 ||| qw: Allow faded altars: false
     0 | D:1      | 0 ||| qw: Do Orc after clearing Dungeon:15 true
     0 | D:1      | 0 ||| qw: Do second Lair branch before Depths: true
     0 | D:1      | 0 ||| qw: Lair rune preference: random
     0 | D:1      | 0 ||| qw: Goals: Normal
     0 | D:1      | 0 ||| PLANNING D:1-11
    20 | D:1      | Reached skill level 3 in Dodging
   104 | D:1      | Reached XP level 2. HP: 14/14 MP: 3/3
   291 | D:1      | Reached XP level 3. HP: 18/18 MP: 4/4
   577 | D:1      | 577 ||| UPGRADING to amulet of reflection.
   582 | D:1      | 582 ||| READING scroll labelled JUMIDOC YTSO.
   586 | D:1      | 586 ||| READING scroll labelled VIXKEDW HURE.
   586 | D:1      | 586 ||| IDENTIFYING murky grey potion
   587 | D:1      | 587 ||| DROPPING scroll of butterflies.
   654 | D:2      | Found Neteti's Armour Shop.
   667 | D:2      | 667 ||| SHOPLISTING +3 crown of Dyrovepreva {rElec Int+2
                  | SInv} (414 gold, have 67).
  1111 | D:2      | Found Qimuushi's Book Boutique.
  1129 | D:2      | Found Wavoar's Magic Scroll Shoppe.
  1129 | D:2      | Found a faded altar of an unknown god.
  1135 | D:2      | Found Nasot's Assorted Antiques.
  1136 | D:2      | 1136 ||| BUYING scroll of enchant weapon (105 gold).
  1136 | D:2      | Bought a scroll of enchant weapon for 105 gold pieces
  1136 | D:2      | 1136 ||| SHOPLISTING scroll of identify (28 gold, have 9).
  1136 | D:2      | 1136 ||| SHOPLISTING scroll of teleportation (42 gold, have
                  | 9).
  1136 | D:2      | 1136 ||| READING scroll of enchant weapon.
  1136 | D:2      | 1136 ||| ENCHANTING +0 shortbow.
  1141 | D:2      | 1141 ||| SHOPLISTING blue potion (22 gold, have 9).
  1141 | D:2      | 1141 ||| SHOPLISTING dark potion (22 gold, have 9).
  1141 | D:2      | 1141 ||| SHOPLISTING glowing coppery potion (22 gold, have
                  | 9).
  1141 | D:2      | 1141 ||| SHOPLISTING scroll labelled XOISAR DATZUZ (25
                  | gold, have 9).
  1141 | D:2      | 1141 ||| SHOPLISTING scroll of teleportation (75 gold, have
                  | 9).
  1141 | D:2      | 1141 ||| SHOPLISTING twisted granite ring (125 gold, have
                  | 9).
  1475 | D:2      | 1475 ||| READING 2 scrolls of identify.
  1475 | D:2      | 1475 ||| IDENTIFYING brown potion
  1476 | D:2      | 1476 ||| READING scroll of identify.
  1476 | D:2      | 1476 ||| IDENTIFYING murky golden potion
  1650 | D:3      | Reached XP level 4. HP: 22/22 MP: 5/5
  1922 | D:3      | 1922 ||| SWAPPING to +0 arbalest.
  1923 | D:3      | 1923 ||| DROPPING +1 shortbow.
  1980 | D:3      | 1980 ||| READING scroll labelled DED OMEYMOECY.
  1982 | D:3      | 1982 ||| Stepping ~*~*~tactically~*~*~ (cloud).
  1990 | D:3      | HP: 5/23 [poisoned by you (poison gas)]
  2102 | D:4      | Identified the +1 trident "Pimamocs" {freeze, Will+}
  2120 | D:4      | Reached XP level 5. HP: 26/26 MP: 6/6
  2230 | D:4      | Found a staircase to the Ecumenical Temple.
  2231 | D:4      | 2231 ||| PLANNING TEMPLE
  2231 | D:4      | 2231 ||| READING scroll labelled XYTEKL YNIU.
  2348 | Temple   | Entered the Ecumenical Temple
  2349 | Temple   | 2349 ||| PLANNING D:1-11
  2510 | D:4      | Found a runed translucent door.
  2510 | D:4      | Noticed qw's ghost (amateur SpHu)
  2683 | D:4      | Reached skill level 6 in Ranged Weapons
  2803 | D:4      | Found a shimmering blue altar of Sif Muna.
  2906 | D:4      | Reached XP level 6. HP: 30/30 MP: 7/7
  2917 | D:4      | Reached skill level 6 in Dodging
  2930 | D:4      | HP: 7/30 [goblin/+0 dagger of protection (1)]
  2931 | D:4      | 2931 ||| DRINKING potion of heal wounds.
  2936 | D:4      | 2936 ||| DRINKING 2 potions of curing.
  2936 | D:4      | 2936 ||| (to cure confusion)
  2951 | D:4      | HP: 5/30 [orc/+0 trident of protection (9)]
  3173 | D:4      | 3173 ||| READING 3 scrolls of identify.
  3173 | D:4      | 3173 ||| IDENTIFYING grey potion
  3174 | D:4      | 3174 ||| READING 2 scrolls of identify.
  3174 | D:4      | 3174 ||| IDENTIFYING fizzy emerald potion
  3175 | D:4      | 3175 ||| READING scroll of identify.
  3175 | D:4      | 3175 ||| IDENTIFYING fuming dark potion
  3176 | D:4      | 3176 ||| READING scroll labelled XOISAR DATZUZ.
  3177 | D:4      | 3177 ||| DROPPING potion of brilliance.
  3178 | D:4      | 3178 ||| DROPPING potion of berserk rage.
  3186 | D:5      | Entered Level 5 of the Dungeon
  3193 | D:5      | Reached XP level 7. HP: 35/35 MP: 8/8
  3237 | D:5      | 3237 ||| RETREEEEATING.
  3241 | D:5      | 3241 ||| RETREEEEATING.
  3242 | D:5      | 3242 ||| RETREEEEATING.
  3243 | D:5      | 3243 ||| RETREEEEATING.
  3252 | D:5      | HP: 3/35 [gnoll sergeant/+0 trident (10)]
  3252 | D:5      | Slain by a gnoll

Levels and vault maps discovered:
D:1:      dpeg_arrival_subterranean_lakeside_camping, layout_rooms
D:2:      layout_loops_corners, hellmonk_ecumenical_altar_pennies_from_heaven,
          serial_shops, shop_fountains, nicolae_shop_trees, shop_statue, shop
D:3:      layout_rooms, grunt_ministairs_5
D:4:      cheibrodos_quashed, layout_cave_pools, hellmonk_sif_muna_bookshelves,
          minmay_temple_entry_mini_moons, gammafunk_ghost_grave,
          dk_noncrumbling_2, kennysheep_cross_room
D:5:      layout_gridville, grunt_gozag_breadcrumbs,
          mainiacjoe_overflow_cross_hatched
Temple:   grunt_temple_mini_profane

Skill      XL: |  1  2  3  4  5  6  7 |
---------------+----------------------+-----
Dodging        | 3 4 5 6 7 |  7.0
Ranged Weapons | 5 6 7 |  7.1
Fighting       | 2 |  2.2
Stealth        | |  1.5

Action                     |  1- 3 |  4- 6 |  7- 9 || total
---------------------------+-------+-------+-------++-------
   Fire: Shortbow          |   106 |    23 |       ||   129
         Arbalest          |       |   114 |    19 ||   133
    Use: Scroll            |     5 |     6 |       ||    11
         Potion            |       |     2 |       ||     2
 Armour: Robe              |     6 |    45 |     6 ||    57
  Dodge: Dodged            |    24 |   200 |    19 ||   243
  Block: Other             |       |    32 |     7 ||    39
         Reflection        |       |     1 |       ||     1

Table legend:
 A = Non-vault XP
 B = Vault XP
 C = Vault XP percentage of total XP
 D = Non-vault monster count
 E = Vault monster count
 F = Vault count percentage of total count
                 A         B        C        D         E       F
            +---------+---------+-------+---------+---------+-------
      Total |     913 |      22 |   2.4 |      92 |       8 |   8.0
            +---------+---------+-------+---------+---------+-------
        D:1 |      48 |       8 |  14.3 |      22 |       6 |  21.4
        D:2 |      25 |       0 |   0.0 |       8 |       0 |   0.0
        D:3 |      74 |      14 |  15.9 |      16 |       2 |  11.1
        D:4 |     517 |       0 |   0.0 |      37 |       0 |   0.0
        D:5 |     249 |       0 |   0.0 |       9 |       0 |   0.0
            +---------+---------+-------+---------+---------+-------
